 Dungeon Crawl Stone Soup version 0.31.0-11-ge490571c62 (webtiles) character file.

Game seed: 16539924937854063952

2646 puppykicker the Cruncher (level 9, -8/41 HPs)
             Began as a Spriggan Gladiator on Jan 30, 2024.
             Was a Priest of Okawaru.
             Mangled by an ogre
             ... wielding a +0 giant club
              (34 damage)
             ... on level 7 of the Dungeon.
             The game lasted 00:15:06 (5624 turns).

puppykicker the Cruncher (Spriggan Gladiator)       Turns: 5624, Time: 00:15:07

Health: -8/41      AC:  3    Str: 17    XL:     9   Next: 36%
Magic:  10/10      EV: 18    Int: 10    God:    Okawaru [***...]
Gold:   331        SH:  5    Dex: 16    Spells: 8/8 levels left

rFire   + . .        b - +5 spear of the Blind Eye {venom, Str+3}
rCold   . . .        (no shield)
rNeg    . . .        w - +0 robe {rF+} {rF+}
rPois   .            c - +0 hat
rElec   .            q - +0 cloak
rCorr   .            (gloves unavailable)
SInv    +            (boots unavailable)
Will    +....        j - amulet of reflection
Stlth   +            g - +4 ring of slaying
HPRegen 0.26/turn    C - ring of flight
MPRegen 0.12/turn

%: reflection
@: flying, very quick
A: very small, no large weapons, unfitting armour, see invisible, speed 3
a: Renounce Religion, Heroism


You were on level 7 of the Dungeon.
You worshipped Okawaru.
Okawaru was most pleased with you.
You visited 2 branches of the dungeon, and saw 8 of its levels.
You also visited: Ossuary.

You collected 331 gold pieces.

Inventory:

Hand Weapons
 a - a +0 quarterstaff
 b - the +5 spear of the Blind Eye (weapon) {venom, Str+3}
   (You found it on level 5 of the Dungeon)

   Str+3:     It affects your strength (+3).
 n - a +0 quarterstaff
Missiles
 d - 2 throwing nets
 f - 3 poisoned darts
 m - 4 boomerangs (quivered)
 r - 3 atropa-tipped darts
 v - a curare-tipped dart
Armour
 c - a +0 hat (worn)
 q - a +0 cloak (worn)
 w - a +0 robe of fire resistance (worn) {rF+}
Jewellery
 g - a +4 ring of slaying (left hand)
 j - an amulet of reflection (around neck)
 C - a ring of flight (right hand)
 G - an amulet of guardian spirit {Spirit}
 I - a ring of protection from cold
Scrolls
 e - a scroll of revelation
 i - 2 scrolls of identify {unknown}
 k - 3 scrolls of noise {!r}
 l - 2 scrolls of acquirement {unknown}
 t - 2 scrolls of teleportation
 u - a scroll of poison {unknown}
 y - 2 scrolls of fog {unknown}
Potions
 o - a potion of enlightenment {unknown}
 p - a potion of lignification {unknown}
 s - a potion of cancellation {unknown}
 x - a potion of curing
 z - 2 potions of ambrosia
 A - 2 potions of might {unknown}
 B - a potion of berserk rage {unknown}


   Skills:
 - Level 1.5 Fighting
 + Level 10.2 Staves
 - Level 2.0 Throwing
 - Level 4.0 Dodging


You had 8 spell levels left.
You didn't know any spells.
Your spell library contained the following spells:

 Spells                   Type           Power      Damage    Failure   Level
 Lesser Beckoning         Tloc           0%         N/A       50%         2
 Sublimation of Blood     Necr           0%         N/A       50%         2
 Gell's Gravitas          Tloc           0%         N/A       75%         3
 Hailstorm                Conj/Ice       0%         3d5       75%         3
 Teleport Other           Tloc           0%         N/A       75%         3
 Call Imp                 Summ           Unusable   N/A       N/A         2
 Summon Ice Beast         Ice/Summ       Unusable   N/A       N/A         3
 Sculpt Simulacrum        Ice/Alch       Unusable   N/A       N/A         6
 Summon Hydra             Summ           Unusable   N/A       N/A         7

Dungeon Overview and Level Annotations

Branches:
Dungeon (7/15)             Temple (1/1) D:4         Ossuary (visited)

Altars:
Ashenzari
Cheibriados
Dithmenos
Elyvilon
Fedhas
Gozag
Hepliaklqana
Kikubaaqudgha
Makhleb
Nemelex Xobeh
Okawaru
Qazlal
Ru
Sif Muna
Trog
Vehumet
Wu Jian
Yredelemnul
Zin
The Shining One


Innate Abilities, Weirdness & Mutations

You are very small and have problems with some larger weapons.
You are too small for most types of armour.
You have supernaturally acute eyesight. (SInv)
You cover ground extremely quickly. (Speed+++)


Message History

Unknown command.
You hit the orc.
The orc is poisoned.
You punch the orc, but do no damage.
The orc is severely wounded.
You kill the orc!
You reach to attack!
You hit the orc.
The orc is heavily wounded.
You hit the orc.
You kill the orc!
You closely miss the ufetubus. The ufetubus slips past you!
The ufetubus closely misses you. The ufetubus misses you.
You barely miss the ufetubus. The ufetubus closely misses you.
The ufetubus hits you.
You take 2 damage, and have 30/41 hp.
You puncture the ufetubus!
The ufetubus is poisoned.
The ufetubus is severely wounded.
You block the ufetubus's attack. The ufetubus barely misses you.
You hit the ufetubus.
You kill the ufetubus!
An ogre comes into view. It is wielding a +0 giant club.
The ogre shouts!
Items here: )))) [[[ ††.
You reach to attack!
You hit the ogre but do no damage.
The ogre is poisoned.
You puncture the ogre!
The ogre looks even sicker.
The ogre is moderately wounded.
The ogre hits you with a +0 giant club!
You take 6 damage, and have 25/41 hp.
Unknown command.
Items here: )))) [[[ ††.
You see here an amulet of the acrobat.
You reach to attack!
You hit the ogre.
The ogre is heavily wounded.
You reach to attack!
You hit the ogre.
The ogre is heavily wounded.
You reach to attack!
You puncture the ogre!
The ogre is almost dead.
You barely miss the ogre.
The ogre is almost dead.
The ogre hits you with a +0 giant club!!
Ouch! That really hurt!
You die...

#........#.#..... ####
#.###.#....#.#### #...
#.###.######.# # #...
#.#...##...#.# #.##...
#.#.####...#.# ......
#.#........#.# #...##
#.....##...#.#
#.####..#########.#....#.####
#........)"O@.# #.#......#...
.)...##.#####.# #.#.#[####.##
... .).....#.# #.#[#.####.# .
..<##....#.# #.#.#......#
....######.#.###.#.#########
.................#....#.....
.#. ######..########.#.#### #
##..........# #...
#..######### #.##


You could see an ogre (very poisoned).

Levels and vault maps discovered:
D:1:      sevenhm_arrival_forest_fort_small_6, layout_basic
D:2:      layout_loops_ring, basic_altar,
          shapermc_ecumenical_altar_mp_highgroup, hangedman_decor_slide_cut,
          minmay_misc_feat_x, nicolae_kite_square_tiling_tiny, uniq_terence
D:3:      layout_loops_ring
D:4:      layout_basic, marbit_many_paths, minmay_temple_entry_mini_moons
D:5:      layout_rooms, biasface_ghost_orc_armoury, amethyst_killhole
D:6:      layout_loops_ring, mainiacjoe_overflow_cross_hatched,
          tso_oasis_becter, uniq_edmund, uniq_menkaure, uniq_jeremiah
D:7:      layout_basic, enter_ossuary_2, serial_shops, kennysheep_mini,
          nicolae_shop_fire_sale [nicolae_sub_dead_trees]
Temple:   minmay_crystal_spiral_temple

Notes
Turn   | Place    | Note
-------+----------+-------------------------------------------
     0 | D:1      | puppykicker the Spriggan Gladiator began the quest for the
                  | Orb.
     0 | D:1      | Reached XP level 1. HP: 10/10 MP: 2/2
    36 | D:1      | Identified a +4 ring of slaying
   108 | D:1      | Identified a +0 dagger
   307 | D:1      | Identified a +0 dagger
   411 | D:1      | Identified an amulet of the acrobat
   522 | D:1      | Reached XP level 2. HP: 9/14 MP: 3/3
   697 | D:1      | Identified a +0 leather armour
   804 | D:2      | Found a shimmering blue altar of Sif Muna.
   838 | D:2      | Identified a +0 short sword
   838 | D:2      | Identified a +0 scale mail
   838 | D:2      | Noticed Terence
   859 | D:2      | Killed Terence
   860 | D:2      | Reached skill level 3 in Staves
   860 | D:2      | Reached XP level 3. HP: 18/18 MP: 4/4
   868 | D:2      | Identified a +0 dagger
   994 | D:2      | Identified a +0 whip
   996 | D:2      | Identified a +0 flail
   998 | D:2      | Identified a +0 spear of venom
  1069 | D:2      | Reached XP level 4. HP: 6/22 MP: 5/5
  1069 | D:2      | Identified a potion of ambrosia
  1366 | D:2      | Identified a +0 ring mail
  1467 | D:2      | Found a faded altar of an unknown god.
  1502 | D:2      | Identified a +0 barding
  1647 | D:3      | Identified a +0 trident
  1680 | D:3      | Identified a +0 whip
  1682 | D:3      | Identified a +0 hand axe
  1682 | D:3      | Identified a +4 hand axe
  1682 | D:3      | Identified a +0 flail
  1688 | D:3      | Reached skill level 4 in Staves
  1688 | D:3      | Identified a +0 short sword
  1720 | D:3      | Identified a +0 hand axe of freezing
  1720 | D:3      | Identified a +0 dagger
  1720 | D:3      | Identified a +0 robe
  1721 | D:3      | Identified a +0 trident
  1749 | D:3      | Reached XP level 5. HP: 22/25 MP: 6/6
  1866 | D:3      | Identified a +0 whip
  1872 | D:3      | Identified a +0 dagger
  1980 | D:3      | Identified a +0 dagger
  2156 | D:3      | Identified a +0 short sword
  2156 | D:3      | Identified a +0 robe
  2158 | D:3      | Identified a +0 club
  2274 | D:4      | Identified a +0 sling
  2328 | D:4      | Found a stormy altar of Qazlal.
  2383 | D:4      | Noticed a phantom
  2395 | D:4      | Killed a phantom
  2396 | D:4      | Reached skill level 5 in Staves
  2420 | D:4      | Reached XP level 6. HP: 16/30 MP: 7/7
  2520 | D:4      | Found a staircase to the Ecumenical Temple.
  2539 | Temple   | Entered the Ecumenical Temple
  2546 | Temple   | Became a worshipper of Warmaster Okawaru
  2576 | D:4      | Identified a +0 club
  2661 | D:4      | Identified a +0 mace
  2665 | D:4      | Identified a +1 hat
  2873 | D:4      | Identified a +0 short sword
  2873 | D:4      | Identified a +0 ring mail
  2912 | D:4      | Identified a +0 dagger
  2945 | D:4      | Reached skill level 6 in Staves
  2945 | D:4      | Identified a +0 quarterstaff
  3168 | D:4      | Identified a +0 ring mail
  3183 | D:5      | Entered Level 5 of the Dungeon
  3183 | D:5      | Noticed an ice beast
  3275 | D:5      | Noticed a water moccasin
  3286 | D:5      | HP: 7/30 [water moccasin (8)]
  3287 | D:5      | Identified a potion of curing
  3298 | D:5      | Identified 2 scrolls of revelation
  3298 | D:5      | Identified a +0 whip
  3299 | D:5      | Identified 2 scrolls of teleportation
  3328 | D:5      | Reached XP level 7. HP: 12/33 MP: 8/8
  3391 | D:5      | Reached * piety under Okawaru
  3478 | D:5      | Identified a +0 whip
  3588 | D:5      | Identified the +5 spear of the Blind Eye {venom, Str+3}
  3593 | D:5      | Identified a +0 giant club
  3616 | D:5      | Reached skill level 7 in Staves
  3616 | D:5      | Identified an amulet of guardian spirit
  3618 | D:5      | Identified an amulet of reflection
  3684 | D:5      | Identified a +0 dagger
  3684 | D:5      | Identified a +0 robe
  3685 | D:5      | Identified a +0 scimitar
  3685 | D:5      | Identified a +0 plate armour
  3685 | D:5      | Identified a +0 hand axe
  3685 | D:5      | Identified a +0 scale mail
  3686 | D:5      | Identified a +1 dagger of speed
  3686 | D:5      | Identified a +0 robe
  3686 | D:5      | Identified a +0 club
  3695 | D:5      | Identified a +0 quarterstaff
  3699 | D:5      | HP: 8/33 [orc wizard/puff of flame (10)]
  3700 | D:5      | HP: 3/33 [orc wizard/+1 dagger of speed (5)]
  3877 | D:5      | Found a runed translucent gate.
  3877 | D:5      | Identified a +0 club
  3877 | D:5      | Identified a +0 leather armour
  3877 | D:5      | Identified a +0 club
  3877 | D:5      | Identified a +0 leather armour
  3877 | D:5      | Identified the +1 whip of Yredelemnul {freeze, Str+5}
  3877 | D:5      | Identified the +1 leather armour of the Barber Surgeon
                  | {Dex+4 Slay+3 Stlth+}
  3877 | D:5      | Noticed Daunt's ghost (amateur DgSh)
  3878 | D:5      | Found a runed translucent gate.
  3878 | D:5      | Identified a +0 falchion
  3878 | D:5      | Identified a +0 leather armour
  3878 | D:5      | Identified a +0 short sword
  3879 | D:5      | Found a runed translucent gate.
  3880 | D:5      | Identified a +0 flail
  3880 | D:5      | Identified a +0 leather armour
  3884 | D:5      | Identified a +0 short sword of draining
  3884 | D:5      | Identified a +0 club
  3949 | D:5      | Reached XP level 8. HP: 37/37 MP: 9/9
  3963 | D:5      | Reached ** piety under Okawaru
  4120 | D:5      | Identified a +0 ring mail
  4203 | D:5      | Killed Daunt's ghost
  4204 | D:5      | Reached skill level 8 in Staves
  4304 | D:6      | Identified a +0 cloak
  4328 | D:6      | Identified a +0 robe
  4344 | D:6      | Identified a +0 robe
  4393 | D:6      | Identified a +0 robe
  4400 | D:6      | Identified a +0 robe
  4484 | D:6      | Identified a +0 dagger
  4501 | D:6      | Found a glowing golden altar of the Shining One.
  4553 | D:6      | Identified a +0 giant club
  4564 | D:6      | Reached skill level 9 in Staves
  4614 | D:6      | Identified a ring of protection from cold
  4633 | D:6      | Found a sparkling altar of Nemelex Xobeh.
  4685 | D:6      | Identified a +3 trident of draining
  4685 | D:6      | Identified a +0 robe of fire resistance
  4685 | D:6      | Identified an orb of energy
  4685 | D:6      | Noticed Jeremiah
  4708 | D:6      | Killed Jeremiah
  4708 | D:6      | Reached *** piety under Okawaru
  4709 | D:6      | Reached XP level 9. HP: 41/41 MP: 10/10
  4749 | D:6      | Identified a +0 flail of protection
  4749 | D:6      | Identified a +0 leather armour
  4749 | D:6      | Noticed Edmund
  4750 | D:6      | Noticed Menkaure
  4772 | D:6      | Killed Edmund
  4783 | D:6      | Killed Menkaure
  4890 | D:6      | Identified a +0 club
  4890 | D:6      | Identified a +0 short sword
  4892 | D:6      | Identified a +0 dagger
  4897 | D:6      | Identified a +0 short sword
  5070 | D:7      | Identified a +0 hand axe
  5070 | D:7      | Identified a +0 leather armour
  5089 | D:7      | Identified a +0 dagger
  5089 | D:7      | Identified a +0 robe
  5089 | D:7      | Identified a +0 dagger
  5089 | D:7      | Identified a +0 robe
  5090 | D:7      | Identified a +0 dagger
  5090 | D:7      | Identified a +0 robe
  5185 | D:7      | Identified a +0 ring mail
  5204 | D:7      | Found a sand-covered staircase.
  5209 | Ossuary  | Entered an ossuary
  5285 | Ossuary  | Identified a +0 dagger
  5285 | Ossuary  | Identified a +0 robe
  5289 | Ossuary  | Reached skill level 10 in Staves
  5560 | D:7      | Identified a +0 ring mail
  5586 | D:7      | Identified a +0 dagger
  5586 | D:7      | Identified a +0 leather armour
  5587 | D:7      | Identified a +0 dagger
  5587 | D:7      | Identified a +0 robe
  5587 | D:7      | Identified a +0 trident
  5587 | D:7      | Identified a +0 leather armour
  5587 | D:7      | Identified a +0 short sword
  5587 | D:7      | Identified a +0 ring mail
  5587 | D:7      | Identified a +0 whip
  5590 | D:7      | Identified a ring of flight
  5613 | D:7      | Identified a +0 giant club
  5624 | D:7      | Mangled by an ogre

Table legend: (Time is in decaauts)
 A = Elapsed time spent in this place.
 B = Non-inter-level travel time spent in this place.
 C = Inter-level travel time spent in this place.
 D = Time resting spent in this place.
 E = Time spent auto-exploring this place.
 F = Levels seen in this place.
 G = Mean time per level.
                   A        B        C        D        E       F      G
               +--------+--------+--------+--------+--------+-----+--------+
         Total |   3967 |   3818 |    149 |    883 |   1794 |   9 |  440.8 |
       Dungeon |   3712 |   3567 |    145 |    783 |   1763 |   7 |  530.3 |
        Temple |     10 |      6 |      4 |      0 |      0 |   1 |   10.0 |
       Ossuary |    244 |    244 |      0 |     99 |     31 |   1 |  244.0 |
               +--------+--------+--------+--------+--------+-----+--------+

Top non-repeatable levels by time:
     D:4: 917 daAuts
     D:2: 575 daAuts
     D:6: 548 daAuts
     D:5: 546 daAuts
     D:1: 498 daAuts
     D:3: 437 daAuts
 Ossuary: 244 daAuts
     D:7: 188 daAuts
  Temple: 10 daAuts

Table legend:
 A = Kills in this place as a percentage of kills in the entire game.
 B = Kills by you in this place as a percentage of kills by you in the entire game.
 C = Kills by friends in this place as a percentage of kills by friends in the entire game.
 D = Other kills in this place as a percentage of other kills in the entire game.
 E = Experience gained in this place as a percentage of experience gained in the entire game.
 F = Experience gained in this place divided by the number of levels of this place that you have seen.
                   A       B       C       D       E      F
               +-------+-------+-------+-------+-------+----------------------
         Total | 100.0 | 100.0 |   N/A |   N/A | 100.0 | 420.1
       Dungeon |  90.2 |  90.2 |   N/A |   N/A |  93.8 | 506.6
       Ossuary |   9.8 |   9.8 |   N/A |   N/A |   6.2 | 235.0
               +-------+-------+-------+-------+-------+----------------------

Skill      XL: |  1  2  3  4  5  6  7  8  9 |
---------------+----------------------------+-----
Staves         | 3 4 5 6 7 9 10 | 10.2
Fighting       | |  1.5
Throwing       | |  2.0
Dodging        | |  4.0

Action                     |  1- 3 |  4- 6 |  7- 9 || total
---------------------------+-------+-------+-------++-------
  Melee: Quarterstaff      |    41 |   122 |     8 ||   171
         Spear             |       |     4 |   196 ||   200
         Punch             |       |       |     4 ||     4
  Throw: Boomerang         |    11 |       |     5 ||    16
         Throwing net      |     2 |     5 |     6 ||    13
         Dart              |       |    14 |       ||    14
    Use: Potion            |       |     2 |       ||     2
         Scroll            |       |     2 |       ||     2
   Stab: Sleeping          |     1 |     1 |     4 ||     6
         Held in net/web   |       |       |     2 ||     2
 Armour: Robe              |    14 |    34 |    30 ||    78
  Dodge: Dodged            |    31 |   125 |    60 ||   216
  Block: Other             |       |       |    14 ||    14

Vanquished Creatures
  Jeremiah (D:6)
  The ghost of Daunt the Trooper, an amateur DgSh (D:5)
  Menkaure (D:6)
  Edmund (D:6)
  2 water moccasins (D:5)
  An orc warrior (D:5)
  A black bear (D:5)
  A sky beast (D:6)
  2 ogres
  2 phantoms
  A bullfrog (D:4)
  A kobold brigand (D:6)
  3 scorpions
  A weeping skull (Ossuary)
  A burial acolyte (Ossuary)
  3 bombardier beetles
  A centaur zombie (Ossuary)
  An orc priest (D:5)
  4 hounds
  7 orc wizards
  Terence (D:2)
  3 mummies (Ossuary)
  3 gnolls (D:2)
  5 adders
  A white imp (D:6)
  4 ufetubi
  3 dart slugs
  A ribbon worm (D:2)
  24 orcs
  6 endoplasms
  4 giant cockroaches
  5 hobgoblins
  4 kobolds
  6 quokkas
  7 ball pythons
  2 bats
  4 frilled lizards
  2 gnoll zombies (Ossuary)
  6 goblins
  2 kobold zombies (Ossuary)
  3 orc zombies (Ossuary)
  A rat (D:1)
133 creatures vanquished.
